 Dungeon Crawl Stone Soup version 0.21.0 (webtiles) character file.

528 tsouns the Cudgeler (level 7, -1/45 HPs)
             Began as a Gargoyle Gladiator on Jan 7, 2018.
             Was a Believer of Zin.
             Slain by an ogre
             ... wielding a +0 giant club
              (24 damage)
             ... on level 4 of the Dungeon.
             The game lasted 00:10:40 (4313 turns).

tsouns the Cudgeler (Gargoyle Gladiator)            Turns: 4313, Time: 00:10:41

Health: -1/45      AC:  9    Str: 18    XL:     7   Next: 23%
Magic:  7/7        EV: 12    Int: 10    God:    Zin [**....]
Gold:   218        SH:  0    Dex: 11    Spells: 6/6 levels left

rFire    . . .     SeeInvis .   a - +0 flail
rCold    . . .     Gourm    .   (no shield)
rNeg     + . .     Faith    .   b - +0 leather armour
rPois    ∞         Spirit   .   c - +0 helmet
rElec    +         Reflect  .   u - +0 cloak
rCorr    .         Harm     .   (no gloves)
MR       .....                  (no boots)
Stlth    +.........             (no amulet)
HPRegen  0.15/turn              (no ring)
MPRegen  0.10/turn              (no ring)

@: no status effects
A: negative energy resistance 1, electricity resistance, unbreathing,
petrification resistance, rot immunity, AC +4
a: Recite, Vitalisation, Donate Gold, Renounce Religion


You were on level 4 of the Dungeon.
You worshipped Zin.
Zin was pleased with you.
You were not hungry.

You visited 1 branch of the dungeon, and saw 5 of its levels.

You collected 242 gold pieces.
You donated 24 gold pieces to Zin.

Inventory:

Hand Weapons
 a - a +0 flail (weapon)
 v - a +1 mace of protection
Missiles
 d - 3 throwing nets (quivered)
 p - 24 stones
Armour
 b - a +0 leather armour (worn)
 c - a +0 helmet (worn)
 u - a +0 cloak (worn)
Wands
 w - a wand of flame (14)
Scrolls
 e - 7 scrolls of identify {unknown}
 i - 3 scrolls of teleportation {unknown}
 k - a scroll of remove curse {unknown}
 l - a scroll of noise {unknown}
 o - a scroll of enchant weapon {unknown}
Potions
 g - a potion of might {unknown}
 h - 2 potions of heal wounds {unknown}
 j - 3 potions of curing {unknown}
 m - a potion of cancellation {unknown}
 n - a potion of resistance {unknown}
 q - 2 potions of flight {unknown}
 s - a potion of brilliance {unknown}
 t - a potion of degeneration {unknown}
Books
 r - a book of Minor Magic

   Spells                             Type                      Level
   a - Magic Dart                     Conjuration                  1
   b - Blink                          Translocation                2
   c - Call Imp                       Summoning                    2
   d - Slow                           Hexes                        2
   e - Conjure Flame                  Conjuration/Fire             3
   f - Mephitic Cloud                 Conjuration/Poison/Air       3
Comestibles
 f - 3 rations
 x - a chunk of flesh


   Skills:
 + Level 5.8 Fighting
 * Level 6.0 Maces & Flails
 - Level 1.7 Throwing
 + Level 2.8 Dodging


You had 6 spell levels left.
You didn't know any spells.

Dungeon Overview and Level Annotations

Branches:
Dungeon (5/15)
 Temple: D:4-7

Altars:
Fedhas
Yredelemnul
Zin

Annotations:
D:4 Squigly's ghost, novice MiBe


Innate Abilities, Weirdness & Mutations

You are resistant to torment.
Your stone body is resilient. (AC +4)
You are immune to poison.
You resist negative energy. (rN+)
You are resistant to electric shocks. (rElec)
You can survive without breathing.
You are immune to petrification.
You are immune to rotting.


Message History

Ouch! That really hurt!
You hit the ogre.
The ogre is lightly wounded.
The ogre barely misses you.
You sock the ogre!
The ogre is heavily wounded.
You closely miss the ogre.
The ogre is heavily wounded.
The ogre closely misses you.
You barely miss the ogre.
The ogre is heavily wounded.
The ogre barely misses you.
You barely miss the ogre.
The ogre is heavily wounded.
The ogre closely misses you.
You sock the ogre!
The ogre is severely wounded.
The ogre hits you with a giant club!!
Ouch! That really hurt!
You die...

####....#.### ## # #....
.....##.#.# #....
#######.### #....
........# #...(
######### #....
#########....
........)....
.#################......
(.....O@.............#.#
##################.###.#
#.###.# #.....# #####.#
###


You could see an ogre.

Vanquished Creatures
  A centaur (D:4)
  2 jellies (D:3)
  Crazy Yiuf (D:3)
  An orc wizard (D:4)
  2 worker ants (D:4)
  A howler monkey zombie (D:4)
  3 gnolls (D:3)
  10 adders
  8 oozes (D:3)
  An adder skeleton (D:4)
  A worm (D:3)
  4 dart slugs
  4 leopard geckos
  6 orcs
  5 giant cockroaches
  2 gnoll zombies (D:2)
  4 goblins
  11 hobgoblins
  4 jackals (D:1)
  19 kobolds
  2 quokkas (D:3)
  A ball python (D:4)
  9 bats
  4 frilled lizards
  8 rats
114 creatures vanquished.

Vanquished Creatures (others)
  5 toadstools (D:3)
5 creatures vanquished.

Grand Total: 119 creatures vanquished

Notes
Turn   | Place    | Note
-------+----------+-------------------------------------------
     0 | D:1      | tsouns the Gargoyle Gladiator began the quest for the Orb.
     0 | D:1      | Reached XP level 1. HP: 12/12 MP: 1/1
    49 | D:1      | Reached XP level 2. HP: 12/18 MP: 2/2
   513 | D:1      | Reached XP level 3. HP: 23/23 MP: 3/3
   908 | D:2      | Found a basalt altar of Yredelemnul.
  1006 | D:2      | Reached skill level 4 in Maces & Flails
  1006 | D:2      | Reached XP level 4. HP: 15/28 MP: 4/4
  1379 | D:2      | Reached XP level 5. HP: 28/33 MP: 5/5
  2210 | D:3      | Found a blossoming altar of Fedhas.
  2497 | D:3      | Found a glowing silver altar of Zin.
  2525 | D:3      | Became a worshipper of Zin the Law-Giver
  2525 | D:3      | Reached * piety under Zin
  2819 | D:3      | Found a runed door.
  2864 | D:3      | Reached skill level 5 in Maces & Flails
  2864 | D:3      | Reached XP level 6. HP: 33/40 MP: 6/6
  2865 | D:3      | Reached skill level 5 in Fighting
  3259 | D:3      | Noticed Crazy Yiuf
  3267 | D:3      | Killed Crazy Yiuf
  4008 | D:4      | Reached ** piety under Zin
  4109 | D:4      | Reached XP level 7. HP: 45/45 MP: 7/7
  4137 | D:4      | Noticed Squigly's ghost (novice MiBe)
  4142 | D:5      | Entered Level 5 of the Dungeon
  4228 | D:4      | Reached skill level 6 in Maces & Flails
  4313 | D:4      | Slain by an ogre

Skill      XL: |  1  2  3  4  5  6  7 |
---------------+----------------------+-----
Fighting       | 3 4 5 |  5.8
Maces & Flails | 4 5 6 |  6.0
Throwing       | |  1.7
Dodging        | |  2.8

Action                   |  1- 3 |  4- 6 |  7- 9 || total
-------------------------+-------+-------+-------++-------
Melee: Flail             |   133 |   302 |    19 ||   454
Throw: Throwing net      |       |     1 |     1 ||     2
  Eat: Chunk             |       |     4 |     1 ||     5
       Ration            |       |     2 |       ||     2
Armor: Leather armour    |    56 |   114 |     5 ||   175
Dodge: Dodged            |    98 |   199 |    13 ||   310
